 Dungeon Crawl Stone Soup version 0.26-a0-958-gf3041fb45f (webtiles) character file.

Game seed: 1015687603720826348

7176 robertstho the Grappler (level 10, -9/96 HPs)
             Began as a Troll Monk on Nov 30, 2020.
             Was the Champion of the Shining One.
             Mangled by a four-headed hydra simulacrum (36 damage)
             ... in a Gauntlet.
             The game lasted 00:16:38 (7731 turns).

robertstho the Grappler (Troll Monk)                Turns: 7731, Time: 00:16:39

Health: -9/96      AC:  8    Str: 24    XL:     10   Next: 86%
Magic:  7/12       EV: 16    Int:  6    God:    the Shining One [******]
Gold:   462        SH:  5    Dex: 12    Spells: 9/9 levels left

rFire    . . .     SeeInvis .     - Unarmed
rCold    . . .     Faith    .   (no shield)
rNeg     + + +     Spirit   .   a - +1 robe
rPois    .         Reflect  +   (helmet restricted)
rElec    .         Harm     .   f - +0 cloak {Stlth+}
rCorr    .         Rampage  .   (gloves unavailable)
MR       .....     NoTele   +   (boots unavailable)
Stlth    +.........             C - amulet of reflection
HPRegen  0.66/turn              y - +4 ring of evasion
MPRegen  0.13/turn              p - ring of flight

@: glowing
A: large, unfitting armour, claws 3, regeneration 1, shaggy fur 1, tough skin 3
a: Divine Shield, Cleansing Flame, Summon Divine Warrior, Brand Weapon With Holy
Wrath, Renounce Religion, Evoke Flight


You were in a Gauntlet.
You worshipped the Shining One.
The Shining One was exalted by your worship.
You visited 2 branches of the dungeon, and saw 12 of its levels.
You also visited: Ossuary and Gauntlet.

You collected 462 gold pieces.

Inventory:

Armour
 a - a +1 robe (worn)
 f - a +0 cloak of stealth (worn)
 q - a scarf of repulsion
Jewellery
 p - a ring of flight (right claw)
 x - an uncursed ring of fire
 y - a +4 ring of evasion (left claw)
 C - an amulet of reflection (around neck)
Wands
 i - a wand of paralysis (8)
 m - a wand of acid (13)
 E - a wand of iceblast (6)
Scrolls
 c - 3 scrolls of teleportation
 d - 4 scrolls of remove curse
 g - 2 scrolls of immolation
 n - 2 scrolls of blinking
 r - 7 scrolls of enchant armour
 s - a scroll of enchant weapon {unknown}
 u - a scroll of fear
 v - 2 scrolls of fog
 A - a scroll of holy word
Potions
 b - a potion of ambrosia
 e - 3 potions of flight
 h - a potion of magic
 j - 2 potions of might
 k - a potion of lignification
 l - 3 potions of cancellation
 w - a potion of brilliance
 z - a potion of mutation
Miscellaneous
 B - a box of beasts


   Skills:
 * Level 5.3 Fighting
 + Level 5.2 Dodging
 - Level 1.0 Stealth
 * Level 13.7 Unarmed Combat
 * Level 4.3 Invocations


You had 9 spell levels left.
You didn't know any spells.
Your spell library was empty.

Dungeon Overview and Level Annotations

Branches:
Dungeon (11/15)            Temple (1/1) D:5            Lair (0/6) D:11
    Orc (0/2) D:9         Ossuary (visited)         Gauntlet (1/1)

Altars:
Ashenzari
Cheibriados
Elyvilon
Fedhas
Kikubaaqudgha
Qazlal
Trog
The Shining One
Lugonu

Annotations:
D:2 Robin
D:8 Grum Gauntlet 7 transporters


Innate Abilities, Weirdness & Mutations

You are too large for most types of armour.
You have claws for hands.
Your natural rate of healing is unusually fast.
You are covered in fur. (AC +1)
You have extremely tough skin. (AC +3)


Message History

The golden flame engulfs you but does no damage.
The golden flame engulfs the meliai simulacrum!!
The meliai simulacrum writhes in agony!
The meliai simulacrum vapourises!
The Shining One accepts your kill.
You feel better.
The golden flame engulfs the four-headed hydra simulacrum!
The four-headed hydra simulacrum writhes in agony!
The four-headed hydra simulacrum is moderately damaged.
The golden flame engulfs the centaur warrior simulacrum!!!
The centaur warrior simulacrum writhes in agony!
The centaur warrior simulacrum vapourises!
The Shining One accepts your kill.
The four-headed hydra simulacrum bites you!
The four-headed hydra simulacrum freezes you!
The four-headed hydra simulacrum barely misses you.
The four-headed hydra simulacrum bites you!
* * * LOW HITPOINT WARNING * * *
The four-headed hydra simulacrum freezes you!!!
You die...

##...........∩..............≈#
#§..#########..###########..##
##..#.)#©#x=#..#.≈.=©!≈.!#..§#
#≈..#.#.#.#.#..#.≈.≈...≈.#..##
##..#.#.#.#.#..#..≈...≈≈.#..≈#
#≈..#X.#©#..#..#.≈.≈≈≈.≈.#..##
##..#x#.#.#.#..#≈≈.≈.≈..≈#..≈#
#§..#X#x#.#X#..#..≈...≈.≈#..##
##..#xx#x#xx#..#@○≈.≈≈.≈.#..§#
#≈..#########..#.Z☼.≈..≈.#..##
##.....#©#.....#.≈...≈≈..#..§#
#≈.....#©#.....###########..##
##..#########......#§#......≈#
#≈..#.[[©..w#......#©#......##
##..#.#...#.#..###########..≈#
#≈..#.#...#.#..#....©.)..#..##
##..#.##©##.#..#.##...##.#..§#


You could see a large abomination, a swamp worm, 3 small abominations and a
four-headed hydra simulacrum.

Vanquished Creatures
  A two-headed ogre (D:11)
  An ugly thing (D:11)
  The ghost of Morp the Chiller, a novice MfIE (D:6)
  3 hornets (Gauntlet)
  The ghost of Rennog the Shield-Bearer, an amateur FoFi (D:4)
  A centaur simulacrum (Gauntlet)
  3 yaks (D:11)
  2 ice beasts
  2 orc warriors
  2 sky beasts
  A meliai simulacrum (Gauntlet)
  2 phantoms
  A black bear (D:10)
  A necrophage (D:5)
  2 wolves (D:8)
  3 ogres
  3 centaurs
  8 big kobolds (D:6)
  4 bullfrogs
  2 elf zombies (Ossuary)
  A water moccasin zombie (D:10)
  5 scorpions
  A small abomination (Gauntlet)
  5 howler monkeys
  A quasit (D:8)
  5 jellies
  5 orc priests
  4 hounds
  2 human zombies (Ossuary)
  A centaur skeleton (D:9)
  8 orc wizards
  A bullfrog skeleton (D:11)
  A gnoll shaman (D:10)
  Natasha (twice) (D:4)
  9 worker ants
  3 iguanas
  A big kobold zombie (Ossuary)
  2 hound zombies (Ossuary)
  3 mummies (Ossuary)
  A howler monkey zombie (D:10)
  2 worker ant zombies
  6 adders
  5 gnolls (D:10)
  2 shadow imps
  2 white imps
  3 ufetubi
  2 adder skeletons
  6 adder zombies
  3 worms
  2 dart slugs
  6 leopard geckos
  20 orcs
  5 bats
  4 giant cockroaches
  2 gnoll zombies (Ossuary)
  10 goblins
  5 hobgoblins
  8 jackals
  9 kobolds
  3 quokkas
  A ball python (D:1)
  3 frilled lizards
  5 goblin zombies (Ossuary)
  A hobgoblin zombie (Ossuary)
  6 jackal zombies (Ossuary)
  4 kobold zombies (Ossuary)
  An orc zombie (Ossuary)
  A quokka skeleton (D:4)
  5 quokka zombies (Ossuary)
  7 rats
  A rat zombie (Ossuary)
245 creatures vanquished.

Notes
Turn   | Place    | Note
-------+----------+-------------------------------------------
     0 | D:1      | robertstho the Troll Monk began the quest for the Orb.
     0 | D:1      | Reached XP level 1. HP: 22/22 MP: 0/0
    44 | D:1      | Reached XP level 2. HP: 29/29 MP: 1/1
   308 | D:1      | Reached XP level 3. HP: 35/36 MP: 2/2
   336 | D:1      | Found a broken altar of Ashenzari.
   724 | D:2      | Noticed Robin
   737 | D:2      | You fall into a shaft and drop 1 floor!
  1024 | D:3      | Reached skill level 4 in Unarmed Combat
  1334 | D:3      | Reached XP level 4. HP: 45/45 MP: 3/3
  1784 | D:4      | Reached XP level 5. HP: 50/53 MP: 4/4
  1790 | D:4      | Reached skill level 5 in Unarmed Combat
  2003 | D:4      | Found a runed translucent door.
  2148 | D:4      | Noticed Natasha
  2156 | D:4      | Killed Natasha
  2300 | D:4      | Noticed Rennog's ghost (amateur FoFi)
  2307 | D:4      | Reached XP level 6. HP: 59/61 MP: 5/5
  2326 | D:4      | Noticed Natasha
  2327 | D:4      | Killed Rennog's ghost
  2328 | D:4      | Reached skill level 6 in Unarmed Combat
  2329 | D:4      | Killed Natasha
  2433 | D:5      | Entered Level 5 of the Dungeon
  2524 | D:5      | Reached XP level 7. HP: 52/67 MP: 6/6
  2619 | D:5      | Reached skill level 7 in Unarmed Combat
  2693 | D:5      | Found a staircase to the Ecumenical Temple.
  2958 | Temple   | Entered the Ecumenical Temple
  2972 | Temple   | Became a worshipper of the Shining One
  2972 | Temple   | Reached * piety under the Shining One
  2972 | Temple   | Reached ** piety under the Shining One
  3319 | D:5      | Reached skill level 8 in Unarmed Combat
  3472 | D:6      | Reached skill level 1 in Invocations
  3560 | D:6      | Reached XP level 8. HP: 71/77 MP: 7/7
  3578 | D:6      | Found a white marble altar of Elyvilon.
  4165 | D:6      | Found a runed translucent gate.
  4166 | D:6      | Found a runed translucent gate.
  4166 | D:6      | Found a runed translucent gate.
  4168 | D:6      | Noticed Morp's ghost (novice MfIE)
  4528 | D:6      | Killed Morp's ghost
  4529 | D:6      | Reached skill level 9 in Unarmed Combat
  4558 | D:6      | Reached skill level 10 in Unarmed Combat
  4564 | D:6      | Reached XP level 9. HP: 24/84 MP: 6/9
  4801 | D:7      | Reached *** piety under the Shining One
  4880 | D:7      | Reached skill level 11 in Unarmed Combat
  5210 | D:8      | Found a sand-covered staircase.
  5222 | Ossuary  | Entered an ossuary
  5257 | Ossuary  | Reached **** piety under the Shining One
  5318 | Ossuary  | Reached ***** piety under the Shining One
  5654 | D:8      | Found a blossoming altar of Fedhas.
  5921 | D:8      | Noticed Grum
  5924 | D:8      | Noticed a two-headed ogre
  6066 | D:9      | Found a staircase to the Orcish Mines.
  6071 | D:9      | Reached skill level 12 in Unarmed Combat
  6153 | D:9      | Reached XP level 10. HP: 87/94 MP: 11/11
  6213 | D:9      | Found a bloodstained altar of Trog.
  6576 | D:10     | Entered Level 10 of the Dungeon
  7300 | D:11     | Noticed a two-headed ogre
  7304 | D:11     | Killed a two-headed ogre
  7305 | D:11     | Reached skill level 5 in Fighting
  7305 | D:11     | Reached skill level 5 in Dodging
  7325 | D:11     | Reached skill level 13 in Unarmed Combat
  7332 | D:11     | Noticed a cyan ugly thing
  7348 | D:11     | Killed a cyan ugly thing
  7358 | D:11     | Found a gate leading to a gauntlet.
  7367 | Gauntlet | Entered a Gauntlet
  7367 | Gauntlet | Found a transporter.
  7367 | Gauntlet | Found a transporter.
  7367 | Gauntlet | Found a transporter.
  7386 | Gauntlet | Noticed an eye of devastation
  7428 | Gauntlet | Found a transporter.
  7429 | Gauntlet | Found a transporter.
  7432 | Gauntlet | Found a transporter.
  7438 | Gauntlet | Found a transporter.
  7440 | Gauntlet | Found a transporter.
  7441 | Gauntlet | Found a transporter.
  7443 | Gauntlet | Found a transporter.
  7445 | Gauntlet | Reached ****** piety under the Shining One
  7447 | Gauntlet | Noticed a large abomination
  7451 | Gauntlet | Found a transporter.
  7451 | Gauntlet | Found a transporter.
  7661 | Gauntlet | Paralysed by a hornet for 2 turns
  7731 | Gauntlet | Mangled by a four-headed hydra simulacrum

Illustrated notes

Levels and vault maps discovered:
D:1:      lightli_arrival_statuegarden, layout_basic, minmay_misc_feat_rows,
          minmay_misc_feat_four_crosses, evilmike_ruin_ashenzari
D:2:      layout_rooms, minitemple, uniq_jessica, uniq_robin, uniq_sigmund
D:3:      layout_loops_corners, kennysheep_generic_room_5
D:4:      layout_cave_pools, ebering_ghost_sewer_d, uniq_natasha
D:5:      layout_basic, minmay_temple_entry_antechambers, minivault_19
D:6:      layout_basic, gammafunk_ghost_nasty_kobolds, elyvilon_altar_3
D:7:      layout_rooms
D:8:      layout_basic, basic_altar, lightli_ossuary_entry_decrepit_ruins,
          uniq_grum
D:9:      layout_roguey, lemuel_crystal_altar, orc_0_dummy
D:10:     layout_small_grid
D:11:     layout_basic, erik_lair_island, gauntlet_entry_generic,
          bh_walls_and_bars
Temple:   corrupted_temple
Gauntlet: minmay_gauntlet_mixed_big_or_small [gammafunk_gauntlet_arena_teeth,
          minmay_gauntlet_arena_77_terracotta_army,
          gammafunk_gauntlet_arena_corners, minmay_gauntlet_arena_77_mirror,
          nicolae_gauntlet_arena_flowing_pool, minmay_gauntlet_arena_77_braids,
          gauntlet_exit_spiral]

Skill      XL: |  1  2  3  4  5  6  7  8  9 10 |
---------------+-------------------------------+-----
Unarmed Combat | 4 5 6 8 10 12 13 | 13.7
Fighting       | 3 4 5 |  5.3
Dodging        | 3 4 5 |  5.2
Invocations    | 1 2 3 4 |  4.3
Stealth        | |  1.0

Action                   |  1- 3 |  4- 6 |  7- 9 | 10-12 || total
-------------------------+-------+-------+-------+-------++-------
Melee: Unarmed           |   119 |    96 |   342 |   136 ||   693
       Punch             |     3 |     2 |     9 |     9 ||    23
Invok: Cleansing Flame   |       |       |       |     1 ||     1
  Use: Potion            |       |     2 |     4 |       ||     6
       Scroll            |       |       |    12 |    10 ||    22
 Stab: Sleeping          |     1 |     5 |       |       ||     6
Armor: Robe              |    73 |    18 |    78 |    22 ||   191
Dodge: Dodged            |    73 |    31 |   195 |    83 ||   382
       Repelled          |       |       |       |     1 ||     1
Block: Other             |       |       |       |     4 ||     4

Table legend: (Time is in decaauts)
 A = Elapsed time spent in this place.
 B = Non-inter-level travel time spent in this place.
 C = Inter-level travel time spent in this place.
 D = Time resting spent in this place.
 E = Time spent auto-exploring this place.
 F = Levels seen in this place.
 G = Mean time per level.
                   A        B        C        D        E       F      G
               +--------+--------+--------+--------+--------+-----+--------+
         Total |   7619 |   7304 |    315 |    212 |   5592 |  14 |  544.2 |
       Dungeon |   6986 |   6686 |    300 |    166 |   5261 |  11 |  635.1 |
        Temple |     29 |     15 |     14 |      0 |      0 |   1 |   29.0 |
       Ossuary |    242 |    242 |      0 |      0 |    135 |   1 |  242.0 |
      Gauntlet |    361 |    361 |      0 |     46 |    196 |   1 |  361.0 |
               +--------+--------+--------+--------+--------+-----+--------+

Top non-repeatable levels by time:
     D:6: 1234 daAuts
     D:5: 990 daAuts
     D:3: 937 daAuts
     D:4: 751 daAuts
     D:1: 715 daAuts
    D:10: 690 daAuts
     D:7: 579 daAuts
     D:9: 512 daAuts
     D:8: 482 daAuts
Gauntlet: 361 daAuts
 Ossuary: 242 daAuts
    D:11: 75 daAuts
  Temple: 29 daAuts
     D:2: 16 daAuts
